 Dungeon Crawl Stone Soup version 0.16.2-12-gd0ad4c3 (webtiles) character file.

449573 kroki the Executioner (level 23, -6/213 (216) HPs)
             Began as a Minotaur Berserker on Feb 7, 2016.
             Was the Champion of Trog.
             Killed from afar by a deep elf high priest (24 damage)
             ... with a burst of hellfire
             ... on level 5 of the Vaults on Feb 8, 2016.
             The game lasted 02:00:02 (56079 turns).

kroki the Executioner (Minotaur Berserker)         Turns: 56079, Time: 02:00:02

HP:   -6/213 (216)  AC: 27    Str: 30    XL:     23   Next: 42%
MP:   26/26         EV: 31    Int:  6    God:    Trog [******]
Gold: 3105          SH:  0    Dex: 27    Spells: 0 memorised, 22 levels left

rFire  . . .     SeeInvis .     d - +3 executioner's axe (vamp) {!w}
rCold  + + .     Clarity  .     w - +8 chain mail of Misanthropy {MR+}
rNeg   + . .     SustAb   +     (no shield)
rPois  +         Gourm    .     (helmet restricted)
rElec  .         Spirit   .     C - +2 cloak {MR+}
rCorr  .         Warding  .     U - +0 pair of gloves {Str+3}
rMut   .         Stasis   .     H - -3 pair of boots of Qaqoeph {Regen+ MP-9 Str+3 Dex+6}
MR     +++++                    L - amulet "Mopeolom" {Faith rPois rC++ Int-3}
Stlth  ..........               W - ring of the Townfolk {SustAb +Fly rN+ Int+5 Slay+3}
                                Z - ring "Orphiv" {MR+ Dex+3}

@: lethally poisoned (-6 -> -6), very slightly contaminated, regenerating,
almost entirely resistant to hostile enchantments, extremely unstealthy
A: retaliatory headbutt, horns 2, placid magic 1
a: Burn Spellbooks, Berserk, Trog's Hand, Brothers in Arms, Renounce Religion,
Evoke Flight
}: 1/15 runes: decaying


You were on level 5 of the Vaults.
You worshipped Trog.
Trog was exalted by your worship.
You were not hungry.

You visited 9 branches of the dungeon, and saw 49 of its levels.
You visited the Abyss 2 times.
You visited 1 bazaar.
You also visited: Labyrinth, Trove and Volcano.

You collected 8147 gold pieces.
You spent 5042 gold pieces at shops.

Inventory:

Hand weapons
 d - a +3 vampiric executioner's axe (weapon) {!w}
   (You found it in a treasure trove)
 e - a +6 antimagic executioner's axe
   (Trog gifted it to you on level 4 of the Vaults)
 M - a cursed +4 vampiric battleaxe {!w}
   (Trog gifted it to you on level 1 of the Vaults)
 R - the +13 executioner's axe of Feff {holy, Dex+4}
   (Trog gifted it to you on level 2 of the Lair of Beasts)

   It has been blessed by the Shining One to cause great damage to the undead
   and demons.
   It affects your dexterity (+4).
Missiles
 a - 7 throwing nets {=f, !d}
 Q - 4 curare-tipped needles
Armour
 w - the +8 chain mail of Misanthropy (worn) {MR+}
   (You found it on level 2 of the Crypt)

   It affects your resistance to hostile enchantments.
 C - a +2 cloak of magic resistance (worn)
   (You found it on level 3 of the Crypt)
 H - the -3 pair of boots of Qaqoeph (worn) {Regen+ MP-9 Str+3 Dex+6}
   (You found it on level 3 of the Elven Halls)

   It affects your strength (+3).
   It affects your dexterity (+6).
   It affects your magic capacity (-9).
   It increases your rate of regeneration.
 U - a +0 pair of gloves of strength (worn)
   (You acquired it on level 1 of the Vaults)
Rods
 F - a +9 rod of shadows (9/9)
   (You found it on level 3 of the Crypt)
Jewellery
 k - a cursed amulet of regeneration {+regen, !d}
   (You found it on level 3 of the Dungeon)
 D - an uncursed amulet of resist corrosion {rCorr, !d}
   (You found it in a labyrinth)
 L - the amulet "Mopeolom" (around neck) {Faith rPois rC++ Int-3}
   (You found it on level 6 of the Dungeon)

   [amulet of faith]

   It allows you to gain divine favour quickly.
   It affects your intelligence (-3).
   It greatly protects you from cold.
   It protects you from poison.
 V - an uncursed amulet of resist mutation {rMut, !d}
   (You found it in a treasure trove)
 W - the ring of the Townfolk (right hand) {SustAb +Fly rN+ Int+5 Slay+3}
   (You found it on level 8 of the Lair of Beasts)

   [ring of sustain abilities]

   It sustains your strength, intelligence and dexterity.
   It affects your intelligence (+5).
   It affects your accuracy and damage with ranged weapons and melee attacks
   (+3).
   It protects you from negative energy.
   It lets you fly.
 Z - the ring "Orphiv" (left hand) {MR+ Dex+3}
   (You found it on level 1 of the Vaults)

   [ring of protection from magic]

   It affects your dexterity (+3).
   It affects your resistance to hostile enchantments.
Magical devices
 o - a wand of invisibility (6)
   (You found it on level 4 of the Vaults)
 y - a wand of disintegration (10)
   (You found it on level 1 of the Swamp)
 X - a wand of paralysis (12)
   (You found it on level 11 of the Dungeon)
Scrolls
 b - 4 scrolls of magic mapping {!r}
 g - 10 scrolls of enchant armour
 h - 11 scrolls of recharging
 i - a scroll of immolation {!r}
 q - 4 scrolls of identify
 s - 19 scrolls of remove curse
 z - 5 scrolls of fog
 I - a scroll of blinking {!r}
 K - 10 scrolls of teleportation
 Y - 4 scrolls of fear
Potions
 c - 16 potions of curing
 n - 6 potions of might
 p - 3 potions of cancellation
 v - a potion of berserk rage {!q}
 A - 9 potions of heal wounds
 B - a potion of invisibility
 G - 4 potions of agility
 O - 5 potions of resistance
 S - 10 potions of restore abilities
Miscellaneous
 j - a sack of spiders
   (You found it on level 3 of the Elven Halls)
 l - an ornate deck of defence
   (You found it on level 2 of the Crypt)
 u - a sack of spiders {used: 4}
   (You found it on level 4 of the Snake Pit)
 x - a fan of gales
   (You bought it in a shop on level 6 of the Dungeon)
 E - a phantom mirror
 J - a stone of tremors
   (You found it on level 4 of the Vaults)
 N - a lamp of fire
   (You bought it in a shop on level 6 of the Dungeon)
 P - a phial of floods
   (You found it on level 2 of the Lair of Beasts)
 T - a legendary deck of wonders
   (You found it on level 3 of the Crypt)
Comestibles
 f - 54 fruits
 r - 11 meat rations {@e2}
 t - 20 beef jerkies


   Skills:
 - Level 20.3 Fighting
 + Level 25.4 Axes
 - Level 19.6 Armour
 - Level 21.4 Dodging
 - Level 16.5 Evocations


You had 22 spell levels left.
You didn't know any spells.

Dungeon Overview and Level Annotations

Branches:
Dungeon (15/15)            Temple (1/1) D:7            Lair (8/8) D:8
  Swamp (5/5) Lair:6        Snake (5/5) Lair:4        Slime (0/6) Lair:7
    Orc (4/4) D:9             Elf (3/3) Orc:3        Vaults (5/5) D:13
  Crypt (3/3) Vaults:3       Tomb (0/3) Crypt:3      Depths (0/5) D:15

Altars:
Cheibriados
Fedhas
Kikubaaqudgha
Okawaru
Trog
Xom
Yredelemnul
Zin
Beogh
Jiyva

Shops:
D:5 (   D:6 *}(?   D:7 %   D:8 :   Orc:2 *   Orc:4 :*([   Elf:2 %
Snake:1 =[!!   Vaults:1 !

Annotations:
D:11 shieet
Lair:6 exclusion: 2 oklob plants
Lair:8 ring
Snake:5 exclusion: oklob plant


Innate Abilities, Weirdness & Mutations

You reflexively headbutt those who attack you in melee.
You have a pair of horns on your head.
Your spells are a little easier to cast, but a little less powerful.


Message History

The balrug disappears in a puff of smoke!
The ynoxinul disappears in a puff of smoke!
The red devil disappears in a puff of smoke!
The ufetubus disappears in a puff of smoke! x2
The deep elf conjurer barely misses you.
You furiously retaliate!
You headbutt the deep elf conjurer!!
You kill the deep elf conjurer!
Trog accepts your kill.
Trog appreciates your killing of a magic user.
The shadow dragon closely misses you.
The shadow dragon completely misses you.
The shadow dragon closely misses you.
The stone giant throws a large rock.
The large rock misses you.
The sphinx casts a spell.
You resist with almost no effort.
You regained 6 hp, and now have 78/213 hp.
Unknown command.
You slice the ironheart preserver!! You hit the shadow dragon.
You feel sick.
The ironheart preserver barely misses you.
The shadow dragon bites you but does no damage.
The shadow dragon completely misses you. x2
You hit the ironheart preserver.
You hit the shadow dragon but do no damage.
The stone giant throws a large rock.
The large rock completely misses you.
The deep elf high priest utters a dark prayer and points at you.
Your life force is offered up.
The ironheart preserver is healed.
The shadow dragon is healed.
A deep elf annihilator comes into view. It is wielding a rapier of speed.
You take 6 damage, and have 73/213 hp.
Unknown command.
The deep elf annihilator shouts!
You slash the ironheart preserver! You headbutt the ironheart preserver!
You slice the shadow dragon!!
You kill the shadow dragon!
Trog accepts your kill.
The stone giant throws a large rock.
The large rock closely misses you.
The deep elf high priest says, "The wages of sin are death, you know."
You regained 2 hp, and now have 75/213 hp.
You hit the ironheart preserver but do no damage.
You headbutt the ironheart preserver, but do no damage.
You feel sick.
The ironheart preserver barely misses you.
The deep elf high priest utters a dark prayer and points at you.
Your life force is offered up.
The deep elf annihilator is healed.
The ironheart preserver is healed.
You take 6 damage, and have 69/213 hp.
Unknown command.
You slash the ironheart preserver! You slice the sphinx!!
You feel better. The sphinx hits you!
* * * LOW HITPOINT WARNING * * *
The sphinx barely misses you. The sphinx closely misses you.
The ironheart preserver closely misses you.
A deep elf annihilator comes into view. It is wielding a rapier.
You take 9 damage, and have 60/213 hp.
The deep elf annihilator shouts!
You hit the ironheart preserver but do no damage.
You headbutt the ironheart preserver. You slice the sphinx!!
You feel better. The sphinx hits you. The sphinx completely misses you.
The sphinx hits you but does no damage.
An iron dragon comes into view.
You regained 8 hp, and now have 68/213 hp.
Unknown command.
The iron dragon roars!
You hit the sphinx. You headbutt the sphinx!!
You slice the ironheart preserver!!
The deep elf high priest calls down the wrath of its god upon you.
Something smites you!
* * * LOW HITPOINT WARNING * * *
You take 10 damage, and have 58/213 hp.
You slice the sphinx!!
You feel better.
You kill the sphinx!
Trog accepts your kill.
Trog appreciates your killing of a magic user.
You slice the ironheart preserver!!
You feel better.
You kill the ironheart preserver!
Trog accepts your kill.
Trog appreciates your killing of a magic user.
You feel sick.
The deep elf annihilator gestures at you while chanting.
The iron shot hits you!
* * * LOW HITPOINT WARNING * * *
A freezing wraith comes into view.
You take 42 damage, and have 16/213 hp.
Read which item? (? for menu, Esc to quit)
Really read
I - 2 scrolls of blinking {!r}? [Y]es or [N]o only, please.
Really read
I - 2 scrolls of blinking {!r}? [Y]es or [N]o only, please.
Really read
I - 2 scrolls of blinking {!r}?
Blink to where?
You are very lightly contaminated with residual magic.
As you read the scroll of blinking {!r}, it crumbles to dust.
A deep elf high priest comes into view.
The deep elf high priest shouts!
The deep elf high priest wields a longbow.
The deep elf high priest shoots an arrow.
The arrow closely misses you.
The deep elf high priest calls down the wrath of its god upon you.
The hellfire explodes!
The burst of hellfire engulfs you!
You die...

.....#....#......
...............
#####........######
.........).).........
........)<<)).......)
........<.)<)........
........<<))........
#####.....e..#######
### .............@..##
#....
##..#....#.....(.##....
##.#....#...##......#
#.#....#..## #....#
#....#..####.().#
#....#...##.[ยง).##
#....##.......e..#
....###......C..e... .
#..###.....e..


You could see 2 deep elf high priests.

Vanquished Creatures
  Khufu (Crypt:1)
  An ancient lich (Crypt:3)
  Norris (Elf:3)
  A golden dragon (Vaults:5)
  Frederick (Vaults:4)
  2 bone dragons
  Nikola (Swamp:2)
  A tentacled monstrosity (Vaults:4)
  Vashnia (Snake:3)
  3 liches
  2 deep elf blademasters (Elf:3)
  Asterion (Swamp:1)
  2 deep elf master archers (Elf:3)
  4 titans
  3 tentacled starspawn (Abyss:1)
  2 thorn hunters (Swamp:5)
  Rupert (D:13)
  Kirke (Swamp:2)
  2 revenants (Crypt:2)
  A sphinx (Vaults:5)
  A shadow dragon (Vaults:5)
  4 greater nagas
  3 fire giants
  Donald (D:13)
  A frost giant (Vaults:4)
  Aizul (Snake:4)
  12 vault wardens
  A curse skull (Crypt:2)
  9 deep elf sorcerers
  The ghost of kroki the Spry, a mighty SpBe of Trog (Snake:2)
  3 orc warlords
  8 ghouls
  5 war gargoyles
  11 ironheart preservers
  5 stone giants
  A very ugly thing (Vaults:2)
  3 rakshasas
  11 deep elf demonologists
  9 deep elf annihilators
  10 vampire knights
  A spectral titan (Crypt:2)
  5 dire elephants (Lair:8)
  A mottled draconian (Abyss:1)
  4 eidola
  2 ettins (Vaults:4)
  Snorg (Lair:7)
  An unborn (Crypt:1)
  5 jiangshi
  3 crystal guardians (Crypt:3)
  9 deep elf death magi
  A quicksilver dragon zombie (Crypt:1)
  The ghost of kroki the Spry, a powerful SpBe of Trog (Lair:7)
  Josephine (Swamp:1)
  5 fire dragons
  9 yaktaur captains
  6 deep elf high priests
  Fannar (Lair:4)
  32 vault guards
  Harold (Lair:8)
  11 naga warriors
  A ghost crab (Swamp:1)
  5 great orbs of eyes
  26 hydras
  4 centaur warriors
  Erica (Lair:4)
  A catoblepas (Lair:6)
  8 anacondas
  20 dancing weapons
  9 ogre magi
  5 alligators
  5 death yaks (Lair:8)
  5 tengu warriors
  3 titan zombies
  A hell hog (Abyss:1)
  2 thrashing horrors (Abyss:1)
  5 orc high priests
  2 vampire magi (Crypt:2)
  6 hell knights (Crypt:3)
  12 naga sharpshooters
  Nergalle (Lair:4)
  3 shock serpents
  2 salamander mystics
  A shock serpent (shapeshifter) (Vaults:4)
  A storm dragon zombie (Crypt:1)
  2 fire crabs
  23 skeletal warriors
  3 wretched stars (Abyss:1)
  3 shadow wraiths
  A giant orange brain (Abyss:1)
  A titan skeleton (Crypt:1)
  19 deep elf knights
  2 spatial maelstroms (Abyss:1)
  An anaconda zombie (Crypt:3)
  2 flayed ghosts (Crypt:2)
  3 storm dragon skeletons
  An unseen horror (D:12)
  A spriggan druid (Swamp:5)
  10 swamp dragons
  8 deep elf summoners
  A wolf spider zombie (Crypt:3)
  12 necromancers
  A hornet (shapeshifter) (Vaults:5)
  An obsidian statue (Elf:3)
  13 hill giants
  A tengu zombie (Vaults:3)
  18 orc knights
  4 shambling mangroves
  4 wizards
  2 golden dragon skeletons (Crypt:1)
  20 ironbrand convokers
  6 harpies
  An anaconda skeleton (Crypt:3)
  2 shadow dragon skeletons
  9 orc sorcerers
  6 naga ritualists
  2 iron dragon zombies (Crypt:1)
  17 ugly things
  21 deep elf conjurers
  A tengu skeleton (Vaults:3)
  3 wolf spiders
  11 phantasmal warriors
  8 mana vipers
  4 manticores
  7 salamanders
  7 hornets
  31 black mambas
  A frost giant zombie (Crypt:1)
  8 cyclopes
  2 iron dragon skeletons (Crypt:1)
  A griffon (shapeshifter) (Vaults:4)
  5 griffons
  A sphinx skeleton (Crypt:1)
  2 sixfirhies
  A molten gargoyle (Volcano)
  A fire giant skeleton (Crypt:3)
  2 stone giant skeletons
  21 elephants
  Maurice (D:8)
  2 worldbinders (Abyss:1)
  2 dire elephant zombies (Crypt:1)
  2 frost giant skeletons (Crypt:1)
  A draconian (shapeshifter) (D:13)
  18 vault sentinels
  2 guardian serpents (Snake:5)
  An elephant (shapeshifter) (Elf:2)
  2 apocalypse crabs (Abyss:1)
  2 rust devils
  2 titan simulacra (Crypt:1)
  15 naga magi
  A spiny frog (shapeshifter) (Vaults:1)
  A torpor snail (Lair:6)
  An orange demon (Abyss:1)
  8 gargoyles
  An elephant slug zombie (Crypt:1)
  A torpor snail (shapeshifter) (Vaults:4)
  21 spiny frogs
  A tormentor (Abyss:1)
  A kobold demonologist (D:13)
  3 dire elephant skeletons
  3 smoke demons
  A black draconian zombie (Crypt:1)
  2 emperor scorpion zombies
  4 komodo dragons
  25 yaktaurs
  A demonic crawler (Vaults:3)
  2 anaconda simulacra (Crypt:2)
  An elf (shapeshifter) (Vaults:5)
  5 fire drakes
  A hydra zombie (Crypt:1)
  2 tengu conjurers
  A troll (shapeshifter) (Vaults:4)
  16 giant leeches
  2 red devils
  12 trolls
  A blue devil (Vaults:3)
  10 freezing wraiths
  2 ancient zymes (Abyss:1)
  A jumping spider (Elf:3)
  A wolf spider simulacrum (D:15)
  11 deep elf priests
  A raiju (Abyss:1)
  14 bog bodies
  2 ice dragon zombies (Crypt:1)
  2 ravens (shapeshifter)
  10 two-headed ogres
  16 blink frogs
  2 fire giant simulacra
  23 ravens
  8 baby alligators (Swamp:1)
  4 boulder beetles (Vaults:2)
  An ettin zombie (Crypt:3)
  A fire dragon zombie (Crypt:1)
  3 basilisks
  10 shadows
  11 slime creatures
  An ice dragon skeleton (Crypt:1)
  8 spriggans
  A vampire (Crypt:2)
  40 flying skulls
  2 ynoxinuls (Abyss:1)
  8 redbacks
  The ghost of Stagor the Stinger, an average DEVM of Vehumet (D:5)
  4 wyverns
  12 large abominations
  A spriggan (shapeshifter) (Vaults:2)
  A centaur simulacrum (D:15)
  11 hippogriffs
  30 vampire mosquitoes
  19 deep elf magi
  50 yaks
  A tarantella (Elf:1)
  2 chaos spawn (Abyss:1)
  5 neqoxecs
  30 wolves
  10 wraiths
  5 hogs (Swamp:2)
  16 humans
  4 hungry ghosts
  32 swamp worms
  5 wargs
  2 spatial vortices (Abyss:1)
  33 deep elf fighters
  36 nagas
  A spiny frog zombie (Crypt:1)
  A soldier ant (shapeshifter) (Vaults:3)
  10 insubstantial wisps
  A human skeleton (Crypt:3)
  A human zombie (Crypt:3)
  25 water moccasins
  2 hell hounds (Lair:7)
  4 mottled dragons
  4 ice beasts
  17 swamp drakes
  11 wasps
  4 black bears
  A merfolk skeleton (Crypt:2)
  A black mamba simulacrum (Crypt:1)
  A snapping turtle zombie (Crypt:1)
  57 orc warriors
  11 necrophages
  2 eyes of draining
  36 ogres
  10 porcupines
  5 sky beasts
  13 boggarts
  4 phantoms (D:9)
  A snapping turtle skeleton (Crypt:3)
  5 boring beetles
  9 centaurs
  A lost soul (Elf:3)
  A big kobold (D:4)
  A gnoll sergeant (D:7)
  4 elf zombies (Elf:1)
  Blork the orc (D:9)
  13 crocodiles
  22 giant frogs
  A vine stalker skeleton (Crypt:2)
  A warg zombie (Orc:4)
  3 scorpions
  2 troll zombies (D:9)
  5 small abominations (Abyss:1)
  14 wights
  A queen bee zombie (Crypt:1)
  2 jellies
  11 killer bees (D:12)
  6 electric eels
  A yak skeleton (Crypt:1)
  3 centaur zombies
  4 quasits
  8 crimson imps
  3 goliath beetles
  A lava snake (Volcano)
  3 giant frog zombies
  7 starcursed masses (Abyss:1)
  A black bear zombie (Crypt:2)
  12 hounds
  7 iguanas
  9 centaur skeletons
  37 orc wizards
  3 iron imps
  A giant frog skeleton (D:6)
  27 orc priests
  10 worker ants
  10 hell rats
  11 sheep
  Jessica (D:3)
  An ogre skeleton (Crypt:1)
  5 ogre zombies
  3 hound zombies (D:6)
  A crocodile skeleton (Crypt:2)
  A necrophage skeleton (Crypt:3)
  5 mummies
  A hound skeleton (D:5)
  2 worker ant zombies (D:6)
  8 gnolls
  14 adders
  44 river rats
  A giant mite (D:5)
  2 white imps (Abyss:1)
  5 shadow imps
  2 worms
  2 ufetubi
  2 adder zombies
  A halfling skeleton (Crypt:2)
  A spectral gnoll (Crypt:2)
  6 giant geckos
  2 oozes
  228 orcs
  6 bats
  A bat skeleton (D:6)
  3 bat zombies (D:6)
  29 goblins
  18 hobgoblins
  15 kobolds
  7 quokkas
  A ball python (D:1)
  5 giant cockroaches
  2 giant gecko skeletons
  A giant gecko zombie (D:7)
  5 giant newts
  A giant spore (D:6)
  A goblin skeleton (D:9)
  5 goblin zombies (D:9)
  A hobgoblin skeleton (D:9)
  12 jackals
  A jackal skeleton (D:4)
  A lurking horror (Abyss:1)
  An orc skeleton (D:9)
  18 orc zombies
  3 quokka zombies (D:6)
  11 rats
  2 ballistomycetes (D:6)
  6 briar patches (Swamp:5)
  20 fungi
  20 plants
  7 starspawn tentacles (Abyss:1)
2395 creatures vanquished.

Vanquished Creatures (collateral kills)
  A bone dragon (Abyss:1)
  A greater naga (Snake:5)
  A vault warden (Vaults:4)
  A dire elephant (Lair:8)
  A minotaur (Lab)
  2 hydras
  An orc high priest (Orc:4)
  2 deep elf knights (Elf:3)
  3 naga sharpshooters
  A salamander mystic (Snake:5)
  A swamp dragon (Swamp:5)
  2 lindwurms (Snake:5)
  A manticore (Lair:7)
  2 black mambas
  2 elephants (Lair:7)
  2 spiny frogs (Lair:8)
  A fire drake (Lair:7)
  2 komodo dragons
  A raiju (Abyss:1)
  A blink frog (Lair:6)
  A bog body (Swamp:5)
  A deep elf priest (Elf:3)
  A large abomination (Abyss:1)
  A wyvern (Lair:7)
  4 basilisks
  A hippogriff (Lair:7)
  3 nagas
  3 orc warriors (Orc:4)
  A fire dragon simulacrum (Abyss:1)
  An ogre (Orc:4)
  A crocodile (Lair:7)
  A giant frog (Lair:3)
  2 small abominations (Abyss:1)
  A quasit (Abyss:1)
  An iron imp (Abyss:1)
  An orc priest (Orc:4)
  2 orc wizards (Orc:4)
  An adder (Lair:7)
  A river rat (Lair:8)
  5 orcs (Orc:4)
62 creatures vanquished.

Vanquished Creatures (others)
  A vault guard (Vaults:5)
  A hill giant (Snake:3)
  A necromancer (D:15)
  A wolf spider (Vaults:3)
  A black mamba (Snake:1)
  A spiny frog (Swamp:1)
  2 two-headed ogres (Lair:7)
  5 water elementals
  A troll (Lair:7)
  2 air elementals (Swamp:5)
  4 fire elementals
  2 ravens (Swamp:5)
  8 trapdoor spiders (Snake:5)
  A redback (Snake:5)
  A naga (Snake:5)
  A spider (Snake:5)
  A black bear (Lair:7)
  2 boggarts (Vaults:3)
  10 lost souls
  A porcupine skeleton (Crypt:1)
  A giant spore (D:12)
  A briar patch (Swamp:5)
  A bush (D:4)
  25 fungi
  16 plants
  A starspawn tentacle (Abyss:1)
  98 starspawn tentacle segments (Abyss:1)
190 creatures vanquished.

Grand Total: 2647 creatures vanquished

Notes
Turn   | Place    | Note
--------------------------------------------------------------
     0 | D:1      | kroki, the Minotaur Berserker, began the quest for the Orb.
     0 | D:1      | Reached XP level 1. HP: 19/19 MP: 1/1
   398 | D:1      | Reached skill level 4 in Axes
   436 | D:1      | Reached XP level 2. HP: 27/27 MP: 1/1
   786 | D:1      | Reached skill level 4 in Fighting
  1399 | D:2      | Acquired Trog's second power
  1399 | D:2      | Reached XP level 3. HP: 30/33 MP: 2/2
  1779 | D:2      | Reached skill level 5 in Axes
  2218 | D:2      | Reached XP level 4. HP: 41/41 MP: 2/2
  2347 | D:3      | Found a snail-covered altar of Cheibriados.
  2348 | D:3      | Noticed Jessica
  2359 | D:3      | Killed Jessica
  2540 | D:3      | Noticed a sky beast
  2556 | D:3      | Killed a sky beast
  2556 | D:3      | Reached skill level 5 in Fighting
  2556 | D:3      | Reached skill level 6 in Axes
  2556 | D:3      | Reached XP level 5. HP: 37/48 MP: 2/2
  2887 | D:3      | Found a shimmering altar of Xom.
  3422 | D:4      | Noticed an ogre
  3429 | D:4      | Killed an ogre
  3429 | D:4      | Reached XP level 6. HP: 48/57 MP: 3/3
  3882 | D:4      | Reached skill level 6 in Fighting
  3882 | D:4      | Reached skill level 7 in Axes
  4086 | D:5      | Entered Level 5 of the Dungeon
  4110 | D:5      | Found Fier's Weapon Boutique.
  4352 | D:5      | Noticed Stagor's ghost (average DEVM)
  4367 | D:5      | Killed Stagor's ghost
  4367 | D:5      | Reached skill level 8 in Axes
  4367 | D:5      | Reached skill level 3 in Armour
  4367 | D:5      | Reached XP level 7. HP: 64/64 MP: 3/3
  4421 | D:5      | Acquired Trog's third power
  4917 | D:5      | Reached skill level 7 in Fighting
  5092 | D:6      | Reached skill level 4 in Armour
  5096 | D:6      | Reached skill level 9 in Axes
  5102 | D:6      | Reached XP level 8. HP: 55/73 MP: 3/3
  5114 | D:6      | Found Idott's Gadget Emporium.
  5386 | D:6      | Found Kuodgh's Magic Scroll Boutique.
  5413 | D:6      | Bought a scroll of magic mapping for 49 gold pieces
  5413 | D:6      | Bought a scroll of magic mapping for 49 gold pieces
  5500 | D:6      | Found Koceq's Weapon Shoppe.
  5618 | D:6      | Reached skill level 5 in Armour
  5635 | D:6      | Got a translucent bronze amulet
  5746 | D:6      | Reached skill level 10 in Axes
  6068 | D:6      | Found Fusmyomyu's General Store.
  6071 | D:6      | Bought a potion of curing for 39 gold pieces
  6071 | D:6      | Bought a scroll of identify for 26 gold pieces
  6072 | D:6      | Identified the amulet "Mopeolom" {Faith rPois rC++ Int-3} (You found it on level 6 of the Dungeon)
  6183 | D:6      | Noticed a gargoyle
  6194 | D:6      | Killed a gargoyle
  6194 | D:6      | Reached skill level 8 in Fighting
  6420 | D:7      | Reached skill level 11 in Axes
  6420 | D:7      | Reached XP level 9. HP: 82/82 MP: 4/4
  6431 | D:7      | Found Cligg's Food Emporium.
  6482 | D:7      | Noticed a troll
  6490 | D:7      | Received a gift from Trog
  6496 | D:7      | Killed a troll
  6496 | D:7      | Reached skill level 6 in Armour
  6692 | D:7      | Found a staircase to the Ecumenical Temple.
  6696 | D:7      | Reached skill level 9 in Fighting
  7402 | Temple   | Entered the Ecumenical Temple
  7597 | D:8      | Found a staircase to the Lair.
  7752 | D:8      | Noticed Maurice
  7778 | D:8      | Reached skill level 7 in Armour
  7785 | D:8      | Reached skill level 12 in Axes
  7789 | D:8      | Paralysed by Maurice for 7 turns
  7807 | D:8      | Killed Maurice
  7867 | D:8      | Found Plin's Book Emporium.
  8141 | D:8      | Received a gift from Trog
  8257 | D:8      | Reached XP level 10. HP: 88/93 MP: 4/4
  8407 | D:9      | Reached skill level 10 in Fighting
  8470 | D:9      | Noticed a hill giant
  8568 | Lair:1   | Entered Level 1 of the Lair of Beasts
  8662 | Lair:1   | Reached skill level 13 in Axes
  8703 | Lair:1   | Reached skill level 8 in Armour
  8947 | Lair:1   | Reached skill level 9 in Armour
  9078 | Lair:1   | Reached skill level 14 in Axes
  9596 | Lair:2   | Reached skill level 11 in Fighting
  9698 | Lair:2   | Got a smoking quarterstaff
  9700 | Lair:2   | Identified the cursed +3 quarterstaff "Fil Obbo" {drain, -Cast SInv Stlth+} (You found it on level 2 of the Lair of Beasts)
  9878 | Lair:2   | Got a heavily runed leather armour
  9977 | Lair:2   | Reached XP level 11. HP: 73/102 MP: 4/4
  9983 | Lair:2   | Received a gift from Trog
  9987 | Lair:2   | Got a scorched executioner's axe {god gift}
  9988 | Lair:2   | Identified the +13 executioner's axe of Feff {holy, Dex+4} (Trog gifted it to you on level 2 of the Lair of Beasts)
 10732 | Lair:3   | Found a labyrinth entrance.
 10742 | Lab      | Entered a labyrinth
 10837 | Lab      | Reached skill level 15 in Axes
 10844 | Lab      | Reached skill level 10 in Armour
 11265 | Lab      | Noticed a minotaur
 11272 | Lab      | Killed a minotaur
 11576 | Lair:3   | Reached skill level 12 in Fighting
 11576 | Lair:3   | Reached skill level 1 in Evocations
 11600 | Lair:3   | Noticed a six-headed hydra
 11609 | Lair:3   | Killed a three-headed hydra
 11609 | Lair:3   | Reached skill level 16 in Axes
 11609 | Lair:3   | Reached skill level 2 in Evocations
 12093 | Lair:4   | Reached skill level 11 in Armour
 12093 | Lair:4   | Reached XP level 12. HP: 109/112 MP: 10/10
 12094 | Lair:4   | Noticed Erica
 12101 | Lair:4   | Killed Erica
 12101 | Lair:4   | Reached skill level 3 in Evocations
 12222 | Lair:4   | Received a gift from Trog
 12396 | Lair:4   | Noticed Fannar
 12408 | Lair:4   | Killed Fannar
 12447 | Lair:4   | Noticed a seven-headed hydra
 12456 | Lair:4   | Killed a one-headed hydra
 12456 | Lair:4   | Reached skill level 4 in Evocations
 12481 | Lair:4   | Found a staircase to the Snake Pit.
 12693 | Lair:4   | Noticed Nergalle
 12703 | Lair:4   | Killed Nergalle
 12845 | Lair:4   | Reached skill level 5 in Evocations
 12984 | Snake:1  | Entered Level 1 of the Snake Pit
 13029 | Lair:5   | Noticed a seven-headed hydra
 13040 | Lair:5   | Killed a four-headed hydra
 13098 | Lair:5   | Received a gift from Trog
 13256 | Lair:5   | Noticed a four-headed hydra
 13265 | Lair:5   | Killed a one-headed hydra
 13265 | Lair:5   | Reached skill level 17 in Axes
 13274 | Lair:5   | Reached skill level 6 in Evocations
 13828 | Lair:6   | Reached skill level 13 in Fighting
 14051 | Lair:6   | Reached XP level 13. HP: 65/122 MP: 18/18
 14298 | Lair:6   | Reached skill level 7 in Evocations
 14394 | Lair:6   | Reached skill level 12 in Armour
 14403 | Lair:6   | Found a staircase to the Swamp.
 14423 | Lair:6   | Noticed a catoblepas
 14428 | Lair:6   | Killed a catoblepas
 14888 | Lair:7   | Noticed kroki's ghost (powerful SpBe)
 14897 | Lair:7   | Killed kroki's ghost
 15008 | Lair:7   | Received a gift from Trog
 15022 | Lair:7   | Reached skill level 3 in Dodging
 15036 | Lair:7   | HP: 30/122 [elephant (12)]
 15060 | Lair:7   | Reached skill level 18 in Axes
 15068 | Lair:7   | HP: 29/122 [fire drake/blast of flame (8)]
 15082 | Lair:7   | HP: 24/122 [manticore (16)]
 15138 | Lair:7   | Reached skill level 4 in Dodging
 15256 | Lair:7   | Noticed Snorg
 15263 | Lair:7   | Killed Snorg
 15455 | Lair:7   | Reached skill level 14 in Fighting
 15619 | Lair:7   | Reached skill level 13 in Armour
 15622 | Lair:7   | Received a gift from Trog
 15721 | Lair:7   | Found a viscous altar of Jiyva.
 15724 | Lair:7   | Found a staircase to the Slime Pits.
 16198 | Lair:8   | Entered Level 8 of the Lair of Beasts
 16245 | Lair:8   | Reached XP level 14. HP: 124/132 MP: 20/20
 16267 | Lair:8   | Found a dark tunnel.
 16276 | Volcano  | Entered a volcano
 16607 | Volcano  | Found a radiant altar of Vehumet.
 16711 | Volcano  | Reached skill level 5 in Dodging
 16749 | Lair:8   | Noticed Harold
 16761 | Lair:8   | Killed Harold
 16769 | Lair:8   | Received a gift from Trog
 16772 | Lair:8   | Got a bloodstained battleaxe {god gift}
 16773 | Lair:8   | Identified the +8 battleaxe of Lies {chop, Str+3} (Trog gifted it to you on level 8 of the Lair of Beasts)
 16821 | Lair:8   | HP: 29/132 [spiny frog (12)]
 17063 | Lair:8   | Reached skill level 19 in Axes
 17092 | Lair:8   | HP: 33/133 [death yak (8)]
 17554 | Lair:8   | Reached skill level 6 in Dodging
 18083 | Lair:8   | Received a gift from Trog
 18317 | Lair:3   | Received a gift from Trog
 18321 | Lair:3   | Got a brightly glowing battleaxe {god gift}
 18322 | Lair:3   | Identified the +3 battleaxe of Scorn {freeze, -Tele rN++ Dex+2} (Trog gifted it to you on level 3 of the Lair of Beasts)
 18449 | D:6      | Bought a fan of gales for 480 gold pieces
 18449 | D:6      | Bought a lamp of fire for 480 gold pieces
 19450 | D:9      | Killed a hill giant
 19496 | D:9      | Noticed Blork the orc
 19501 | D:9      | Killed Blork the orc
 19507 | D:9      | Found a staircase to the Orcish Mines.
 19791 | D:9      | Noticed a manticore
 19800 | D:9      | Killed a manticore
 19800 | D:9      | Reached skill level 15 in Fighting
 19825 | D:9      | Reached skill level 7 in Dodging
 19915 | D:9      | Reached skill level 14 in Armour
 20286 | Orc:1    | Entered Level 1 of the Orcish Mines
 20301 | Orc:1    | Received a gift from Trog
 20438 | Orc:1    | Received a gift from Trog
 20474 | Orc:1    | Found a glowing silver altar of Zin.
 20837 | Orc:2    | Found Kuwk's Assorted Antiques.
 20929 | Orc:2    | Received a gift from Trog
 21523 | Orc:3    | Found a staircase to the Elven Halls.
 21560 | Orc:3    | Found a bloodstained altar of Trog.
 22126 | Orc:2    | Received a gift from Trog
 22235 | Orc:2    | Bought a murky black potion for 26 gold pieces
 22235 | Orc:2    | Bought a scroll labeled AROHU MIJEGG for 29 gold pieces
 22476 | Orc:4    | Entered Level 4 of the Orcish Mines
 22476 | Orc:4    | Noticed an orc warlord
 22581 | Orc:4    | Reached XP level 15. HP: 74/141 MP: 21/21
 22590 | Orc:4    | Killed an orc warlord
 22711 | Orc:4    | Reached skill level 20 in Axes
 22925 | Orc:4    | Received a gift from Trog
 23212 | Orc:4    | Noticed an orc warlord
 23226 | Orc:4    | Killed an orc warlord
 23314 | Orc:4    | Found Fiudimn's Antique Armour Shop.
 23328 | Orc:4    | Received a gift from Trog
 23403 | Orc:4    | Found Strurybe's General Store.
 23414 | Orc:4    | Found Huezxoitz's Antique Weapon Emporium.
 23454 | Orc:4    | Bought a glowing cloak for 126 gold pieces
 23554 | Orc:4    | Received a gift from Trog
 23590 | Orc:4    | Found Pizek's Book Boutique.
 23605 | Orc:4    | Reached skill level 8 in Dodging
 23643 | Orc:4    | Paralysed by an orc sorcerer for 4 turns
 23653 | Orc:4    | Got a scorched battleaxe {god gift}
 23654 | Orc:4    | Identified the +5 battleaxe of Shame {flame, -Cast Dex+3 Stlth+} (Trog gifted it to you on level 4 of the Orcish Mines)
 23662 | Orc:4    | Bought a scroll of blinking for 105 gold pieces
 23662 | Orc:4    | Bought a scroll of blinking for 105 gold pieces
 23947 | Orc:4    | Bought a glowing battleaxe for 227 gold pieces
 24038 | D:10     | Entered Level 10 of the Dungeon
 24284 | D:10     | Received a gift from Trog
 25294 | D:11     | Received a gift from Trog
 25420 | D:11     | Got a scintillating granite ring
 25533 | D:11     | Identified the ring "Lelefupp" {SustAb MR- Str+3 Int+4} (You found it on level 11 of the Dungeon)
 25898 | Lair:8   | Got a brightly glowing golden ring
 25900 | Lair:8   | Identified the ring of the Townfolk {SustAb +Fly rN+ Int+5 Slay+3} (You found it on level 8 of the Lair of Beasts)
 26560 | D:12     | Reached skill level 15 in Armour
 26566 | D:12     | Reached skill level 16 in Fighting
 26566 | D:12     | Reached skill level 9 in Dodging
 26688 | D:12     | Received a gift from Trog
 27234 | D:13     | Found a gate to the Vaults.
 27234 | D:13     | Noticed Rupert
 27234 | D:13     | Noticed Donald
 27317 | D:13     | Killed Donald
 27326 | D:13     | Killed Rupert
 27334 | D:13     | Received a gift from Trog
 27509 | D:13     | Reached skill level 10 in Dodging
 27744 | D:13     | Reached XP level 16. HP: 134/152 MP: 22/22
 28375 | D:14     | Received a gift from Trog
 29015 | D:15     | Entered Level 15 of the Dungeon
 29408 | D:15     | Reached skill level 16 in Armour
 29434 | D:15     | Found a staircase to the Depths.
 29440 | D:15     | Reached skill level 17 in Fighting
 30087 | Swamp:1  | Entered Level 1 of the Swamp
 30087 | Swamp:1  | Noticed Josephine
 30093 | Swamp:1  | Received a gift from Trog
 30105 | Swamp:1  | Killed Josephine
 30172 | Swamp:1  | Reached skill level 11 in Dodging
 30619 | Swamp:1  | Noticed Asterion
 30636 | Swamp:1  | Noticed a spectral weapon
 30643 | Swamp:1  | Killed Asterion
 30749 | Swamp:1  | Gained mutation: You have a pair of large horns on your head. [potion of beneficial mutation]
 31022 | Swamp:2  | Received a gift from Trog
 31389 | Swamp:2  | Noticed Nikola
 31450 | Swamp:2  | Killed Nikola
 31464 | Swamp:2  | Noticed Kirke
 31479 | Swamp:2  | Killed Kirke
 31479 | Swamp:2  | Reached skill level 12 in Dodging
 31853 | Swamp:3  | Received a gift from Trog
 31856 | Swamp:3  | Reached skill level 18 in Fighting
 31856 | Swamp:3  | Reached skill level 17 in Armour
 31868 | Swamp:3  | Got a polished battleaxe {god gift}
 31869 | Swamp:3  | Identified the +7 battleaxe of Buxoajon {chop, rF+} (Trog gifted it to you on level 3 of the Swamp)
 32396 | Swamp:3  | Reached XP level 17. HP: 162/162 MP: 23/23
 33315 | Swamp:4  | Received a gift from Trog
 33332 | Swamp:4  | HP: 36/163 [ten-headed hydra (5)]
 33334 | Swamp:4  | HP: 15/163 [ten-headed hydra (4)]
 33334 | Swamp:4  | HP: 7/163 [ten-headed hydra (8)]
 33334 | Swamp:4  | HP: 2/163 [ten-headed hydra (5)]
 33772 | Swamp:5  | Entered Level 5 of the Swamp
 34033 | Swamp:5  | Reached skill level 13 in Dodging
 34063 | Swamp:4  | Received a gift from Trog
 34157 | Swamp:5  | Got a decaying rune of Zot
 34375 | Swamp:5  | Reached skill level 18 in Armour
 35178 | Snake:1  | Found Jegepaeg's Distillery.
 35205 | Snake:1  | Received a gift from Trog
 35205 | Snake:1  | Reached skill level 19 in Fighting
 35225 | Snake:1  | Bought a potion of agility for 60 gold pieces
 35225 | Snake:1  | Bought a potion of curing for 45 gold pieces
 35225 | Snake:1  | Bought a potion of curing for 45 gold pieces
 35225 | Snake:1  | Bought a potion of heal wounds for 75 gold pieces
 35225 | Snake:1  | Bought a potion of agility for 60 gold pieces
 35225 | Snake:1  | Bought a potion of curing for 45 gold pieces
 35232 | Snake:1  | Found Klumaock's Distillery.
 35317 | Snake:1  | Found Duorph's Antique Armour Boutique.
 35365 | Snake:1  | Noticed an anaconda
 35371 | Snake:1  | Killed an anaconda
 35373 | Snake:1  | Bought a potion of cure mutation for 525 gold pieces
 35373 | Snake:1  | Bought 2 potions of might for 120 gold pieces
 35373 | Snake:1  | Bought a potion of haste for 150 gold pieces
 35373 | Snake:1  | Bought a potion of curing for 45 gold pieces
 35373 | Snake:1  | Bought a potion of haste for 150 gold pieces
 35373 | Snake:1  | Bought a potion of haste for 150 gold pieces
 35373 | Snake:1  | Bought a potion of haste for 150 gold pieces
 35414 | Snake:1  | Bought a transparent scale mail for 261 gold pieces
 35424 | Snake:1  | Identified the cursed -3 scale mail "Nyitt" {rElec Int+3 Dex-5} (You bought it in a shop on level 1 of the Snake Pit)
 35526 | Snake:1  | Gained mutation: You are partially covered in rough black scales (AC +4, Dex -1). [potion of mutation]
 35526 | Snake:1  | Gained mutation: You are robust (+10% HP). [potion of mutation]
 35532 | Snake:1  | Noticed a naga warrior
 35543 | Snake:1  | Killed a naga warrior
 35580 | Snake:1  | Noticed a naga warrior
 35591 | Snake:1  | Killed a naga warrior
 35708 | Snake:1  | Found Ygohiaf's Jewellery Emporium.
 35911 | Snake:2  | Received a gift from Trog
 36163 | Snake:2  | Found an ancient bone altar of Kikubaaqudgha.
 36383 | Snake:2  | Reached skill level 14 in Dodging
 37112 | Snake:2  | Noticed kroki's ghost (mighty SpBe)
 37130 | Snake:2  | Killed kroki's ghost
 37351 | Snake:3  | Noticed Vashnia
 37374 | Snake:3  | Killed Vashnia
 37388 | Snake:3  | Reached XP level 18. HP: 123/191 MP: 24/24
 37643 | Snake:3  | Got an opalescent robe
 37657 | Snake:3  | Received a gift from Trog
 38437 | Snake:4  | Noticed Aizul
 38454 | Snake:4  | Killed Aizul
 38620 | Snake:4  | Gained mutation: You are covered in fur (AC +1). [potion of beneficial mutation]
 38699 | Snake:4  | Reached skill level 8 in Evocations
 38701 | Snake:4  | Received a gift from Trog
 39105 | Snake:5  | Entered Level 5 of the Snake Pit
 39634 | Snake:5  | Found an iron altar of Okawaru.
 39660 | Snake:5  | Received a gift from Trog
 39808 | Snake:5  | Reached skill level 19 in Armour
 39896 | Snake:5  | Reached skill level 9 in Evocations
 39951 | Snake:5  | Received a gift from Trog
 39951 | Snake:5  | Reached skill level 10 in Evocations
 40168 | Snake:5  | HP: 33/193 [greater naga/orb of energy (31)]
 40174 | Snake:5  | HP: 38/193 [poisoned by a naga ritualist (toxic radiance)]
 40646 | Elf:1    | Entered Level 1 of the Elven Halls
 40675 | Elf:1    | Received a gift from Trog
 40905 | Elf:1    | Reached skill level 11 in Evocations
 41136 | Elf:1    | Cast into the Abyss (a deep elf sorcerer)
 41295 | Abyss:1  | Noticed a bone dragon
 41302 | Abyss:1  | HP: 42/193 [bone dragon (9)]
 41305 | Abyss:1  | Killed a bone dragon
 41503 | Abyss:1  | Reached skill level 12 in Evocations
 41533 | Abyss:1  | Received a gift from Trog
 41594 | Abyss:1  | Noticed a bone dragon
 41607 | Abyss:1  | Killed a bone dragon
 41607 | Abyss:1  | Reached XP level 19. HP: 117/200 MP: 21/29
 41752 | Abyss:1  | Gained mutation: Your spells are a little easier to cast, but a little less powerful. [a neqoxec]
 41765 | Abyss:1  | Gained mutation: Your flesh is heat resistant. [a neqoxec]
 41810 | Abyss:1  | Reached skill level 13 in Evocations
 41941 | Elf:1    | Escaped the Abyss
 42305 | Elf:2    | Received a gift from Trog
 42444 | Elf:2    | Found Jing's Food Boutique.
 42516 | Elf:2    | Found a runed gate.
 42526 | Elf:2    | Found a runed gate.
 42526 | Elf:2    | Found a runed gate.
 42628 | Elf:2    | Reached skill level 14 in Evocations
 42943 | Elf:2    | Received a gift from Trog
 43314 | Elf:2    | Reached skill level 15 in Evocations
 43320 | Elf:2    | Received a gift from Trog
 43323 | Elf:2    | Got an ancient battleaxe {god gift}
 43324 | Elf:2    | Identified the -2 battleaxe "Biuk" {chop, Stlth+} (Trog gifted it to you on level 2 of the Elven Halls)
 43350 | Elf:3    | Entered Level 3 of the Elven Halls
 43359 | Elf:3    | Noticed Norris
 43397 | Elf:3    | Killed Norris
 43655 | Elf:3    | Found a gateway to a bazaar.
 43695 | Elf:3    | Found a shimmering altar of Xom.
 43776 | Elf:3    | Gained mutation: Scrolls take you a little longer to read. [a neqoxec]
 43808 | Elf:3    | Lost mutation: You are robust (+10% HP). [potion of cure mutation]
 43808 | Elf:3    | Lost mutation: Scrolls take you a little longer to read. [potion of cure mutation]
 43808 | Elf:3    | Lost mutation: Your flesh is heat resistant. [potion of cure mutation]
 43808 | Elf:3    | Lost mutation: You are partially covered in rough black scales (AC +4, Dex -1). [potion of cure mutation]
 43896 | Elf:3    | Reached skill level 16 in Evocations
 44010 | Elf:3    | Received a gift from Trog
 44400 | Elf:3    | Paralysed by a deep elf conjurer for 4 turns
 44423 | Elf:3    | Reached XP level 20. HP: 145/191 MP: 11/34
 44431 | Elf:3    | Cast into the Abyss (a deep elf sorcerer)
 44638 | Abyss:1  | Gained mutation: You are clumsy. (Dex -2) [a neqoxec]
 44732 | Elf:3    | Escaped the Abyss
 44737 | Elf:3    | Reached skill level 15 in Dodging
 44803 | Elf:3    | Got a heavily runed ring mail
 44842 | Elf:3    | Received a gift from Trog
 44922 | Elf:3    | Reached skill level 20 in Fighting
 45192 | Elf:3    | Got a pair of ichor-stained boots
 45209 | Elf:3    | Identified the cursed -3 pair of boots of Qaqoeph {Regen+ MP-9 Str+3 Dex+6} (You found it on level 3 of the Elven Halls)
 45611 | Vaults:1 | Entered Level 1 of the Vaults
 45611 | Vaults:1 | Found Waipt's Distillery.
 45928 | Vaults:1 | Bought a potion of cure mutation for 560 gold pieces
 45928 | Vaults:1 | Bought a potion of heal wounds for 80 gold pieces
 45928 | Vaults:1 | Bought a potion of resistance for 160 gold pieces
 45928 | Vaults:1 | Bought a potion of heal wounds for 80 gold pieces
 45928 | Vaults:1 | Bought a potion of resistance for 160 gold pieces
 46014 | Vaults:1 | Received a gift from Trog
 46054 | Vaults:1 | Found a portal to a secret trove of treasure.
 46147 | Vaults:1 | Got a slimy brass ring
 46183 | Vaults:1 | Identified the ring "Orphiv" {MR+ Dex+3} (You found it on level 1 of the Vaults)
 46942 | Vaults:1 | Reached skill level 16 in Dodging
 47082 | Vaults:1 | Received a gift from Trog
 47273 | Vaults:1 | Identified a scroll of acquirement
 47556 | Vaults:1 | You paid a toll of 5 potions of haste to enter a treasure trove
 47557 | Trove    | Entered a treasure trove
 47587 | Trove    | Got a dazzling executioner's axe
 47588 | Trove    | Identified the +0 executioner's axe of Annihilation {chop, +Inv rF+ rC++ Int-5} (You found it in a treasure trove)
 47826 | Vaults:2 | Received a gift from Trog
 47890 | Vaults:2 | Reached skill level 17 in Dodging
 48033 | Vaults:2 | Received a gift from Trog
 48407 | Vaults:2 | Reached skill level 18 in Dodging
 48413 | Vaults:2 | Received a gift from Trog
 48478 | Vaults:2 | Reached XP level 21. HP: 199/199 MP: 25/34
 49183 | Vaults:3 | Received a gift from Trog
 49193 | Vaults:3 | Reached skill level 19 in Dodging
 49555 | Vaults:3 | Found a staircase to the Crypt.
 49555 | Vaults:3 | Found a basalt altar of Yredelemnul.
 49561 | Vaults:3 | Found an ancient bone altar of Kikubaaqudgha.
 49685 | Vaults:3 | Found a roughly hewn altar of Beogh.
 49726 | Vaults:3 | Received a gift from Trog
 50328 | Vaults:3 | You fall through a shaft!
 50449 | Vaults:4 | Noticed Frederick
 50486 | Vaults:4 | Killed Frederick
 50486 | Vaults:4 | Reached skill level 20 in Dodging
 50571 | Vaults:4 | Received a gift from Trog
 51134 | Vaults:4 | Received a gift from Trog
 51134 | Vaults:4 | HP: 48/199 [deep elf sorcerer/bolt of acid (16)]
 51147 | Vaults:4 | Reached skill level 21 in Dodging
 51174 | Vaults:4 | Received a gift from Trog
 51280 | Vaults:4 | Got a pair of pitted boots
 51281 | Vaults:4 | Identified the +2 pair of boots of Acsibbett {+Fly} (You found it on level 4 of the Vaults)
 51868 | Crypt:1  | Entered Level 1 of the Crypt
 51894 | Crypt:1  | Reached XP level 22. HP: 175/207 MP: 10/35
 52036 | Crypt:1  | Reached skill level 21 in Axes
 52109 | Crypt:1  | Lost mutation: You are clumsy. (Dex -2) [potion of cure mutation]
 52109 | Crypt:1  | Lost mutation: You are covered in fur (AC +1). [potion of cure mutation]
 52109 | Crypt:1  | Lost mutation: You have a pair of large horns on your head. [potion of cure mutation]
 52155 | Crypt:1  | Received a gift from Trog
 52165 | Crypt:1  | Noticed Khufu
 52176 | Crypt:1  | Killed Khufu
 52401 | Crypt:1  | Reached skill level 22 in Axes
 52933 | Crypt:2  | Got a faintly glowing chain mail
 53344 | Crypt:3  | Entered Level 3 of the Crypt
 53548 | Crypt:3  | Reached skill level 23 in Axes
 53699 | Crypt:3  | Found a basalt altar of Yredelemnul.
 53699 | Crypt:3  | Noticed an ancient lich
 53709 | Crypt:3  | Killed an ancient lich
 53816 | Crypt:3  | Identified the +8 chain mail of Misanthropy {MR+} (You found it on level 2 of the Crypt)
 53848 | Crypt:3  | Found a staircase to the Tomb.
 54037 | Crypt:3  | Received a gift from Trog
 54051 | Crypt:3  | Reached skill level 24 in Axes
 54164 | Crypt:3  | Reached XP level 23. HP: 213/213 MP: 26/35
 55029 | Bazaar   | Entered a bazaar
 55033 | Bazaar   | Found Laleg's Weapon Boutique.
 55052 | Bazaar   | Found Crockoino's Antique Weapon Emporium.
 55069 | Bazaar   | Found Ossiam's Book Boutique.
 55087 | Bazaar   | Found Ukleahon's Antique Armour Shoppe.
 55092 | Bazaar   | Bought a pair of steaming boots for 380 gold pieces
 55102 | Bazaar   | Identified the +1 pair of boots "Stonoj" {+Fly MR- SInv} (You bought it in a shop in a bazaar)
 55644 | Vaults:4 | Identified a +9 rod of shadows (9/9) (You found it on level 3 of the Crypt)
 55963 | Vaults:5 | Entered Level 5 of the Vaults
 55995 | Vaults:5 | Reached skill level 25 in Axes
 56018 | Vaults:5 | Received a gift from Trog
 56078 | Vaults:5 | HP: 16/213 [deep elf annihilator/iron shot (65)]
 56079 | Vaults:5 | Killed from afar by a deep elf high priest

Action                   |  1- 3 |  4- 6 |  7- 9 | 10-12 | 13-15 | 16-18 | 19-21 | 22-24 || total
-------------------------+-------+-------+-------+-------+-------+-------+-------+-------++-------
Melee: Hand axe          |    45 |    53 |       |       |       |       |       |       ||    98
       Battleaxe         |       |    65 |   312 |   237 |   834 |  1107 |  1263 |       ||  3818
       Executioner's axe |       |       |       |   212 |   175 |     8 |    38 |   468 ||   901
       Glaive            |       |       |       |    22 |    17 |       |       |       ||    39
Throw: Javelin           |    47 |    19 |       |       |       |       |       |       ||    66
Invok: Berserk           |       |     3 |     9 |     2 |     6 |     6 |     1 |     2 ||    29
       Brothers in Arms  |       |       |       |     3 |     9 |     3 |     2 |       ||    17
       Burn Spellbooks   |       |       |       |     1 |     5 |     3 |     7 |     2 ||    18
       Trog's Hand       |       |       |       |       |    10 |    12 |    24 |     5 ||    51
 Abil: Evoke Flight      |       |       |       |       |       |     1 |       |       ||     1
Evoke: Wand              |       |     4 |     9 |     5 |    21 |     8 |     2 |       ||    49
       Phial of floods   |       |       |       |       |     2 |     3 |     1 |       ||     6
       Lamp of fire      |       |       |       |       |     2 |     4 |     2 |       ||     8
       Fan of gales      |       |       |       |       |       |     1 |       |       ||     1
       Sack of spiders   |       |       |       |       |       |     4 |       |       ||     4
  Use: Scroll            |     3 |     5 |     5 |    10 |    13 |    23 |    20 |     4 ||    83
       Potion            |       |       |       |     1 |       |     7 |     6 |     5 ||    19
 Stab: Confused          |       |       |     1 |       |     2 |       |       |       ||     3
       Paralysed         |       |       |       |     1 |     2 |     7 |       |       ||    10
       Distracted        |       |       |       |       |     3 |     4 |     2 |       ||     9
       Held in net/web   |       |       |       |       |       |     2 |       |       ||     2
       Invisible         |       |       |       |       |       |       |     1 |       ||     1
  Eat: Chunk             |     2 |       |       |       |       |       |       |       ||     2
       Bread ration      |       |     3 |     1 |     2 |     5 |     7 |     3 |     1 ||    22
       Meat ration       |       |       |     3 |     3 |     5 |     4 |     3 |     3 ||    21
       Fruit             |       |       |     1 |       |       |     1 |       |     1 ||     3
       Pizza             |       |       |       |     1 |     1 |     2 |     3 |     2 ||     9
       Royal jelly       |       |       |       |       |     1 |     1 |     4 |       ||     6

Vault maps used:
D:1:      saegor_arrival_simple_b, corexii_corridor_pit
D:2:      first_bread, nrook_uturn, grunt_decor_fettered, fountainhead
D:3:      nicolae_overflow_crystal_walls, xom_teletrap_fun, uniq_jessica
D:4:      lexackson_kobold_supper
D:5:      serial_shops, shop_statue
D:6:      kennysheep_big_flooded_room, serial_undead, serial_undead_d,
          serial_undead_a, serial_undead_d, serial_undead_e, serial_undead_e,
          serial_undead_c, serial_undead_f, serial_undead_c, serial_shops,
          nicolae_shop_competitors_out_of_business, kennysheep_little_box, shop,
          kennysheep_mini_moat, serial_bayou_ford_a, mrwooster_statue_mirror
D:7:      minmay_temple_entry_statues, serial_shops,
          nicolae_shop_temple_entry_statues_fountains
D:8:      lair_0_dummy, serial_shops, shop_fountains, grunt_ogre_cave,
          uniq_maurice
D:9:      zombieorc1_lemuel, library_closet, uniq_blork_the_orc
D:10:     minmay_strange_pillars
D:11:     minivault_12
D:13:     david_vaults_3
D:14:     kennysheep_nondescript
D:15:     grunt_enter_depths_magical_seal, minmay_misc_feat_pillars
Temple:   grunt_circular_temple_18
Lair:1:   wad_woods_03, infiniplex_staircase_pool
Lair:3:   lab_entry_generic, serial_bayou_pond_a, serial_bayou_shore_b,
          serial_bayou_shore_b
Lair:4:   guppyfry_snake_entry_island, grunt_forest_large_clearings,
          uniq_fannar, uniq_erica, uniq_nergalle
Lair:5:   bh_autumn_forest_stairs, lemuel_fruit_tree
Lair:6:   minmay_swamp_entry_worms, disabler_island, grunt_megastairs_4
Lair:7:   slime_altar_1, special_room, uniq_snorg
Lair:8:   due_jungle_book, nicolae_volcano_entry_two_sided,
          minmay_stone_trees_small, uniq_harold
Swamp:1:  nicolae_swamp_treefoil, st_shrine_of_shade, uniq_asterion,
          uniq_josephine
Swamp:2:  serial_swamp_ruin, evilmike_swamp_ruin_rubble_2,
          evilmike_swamp_ruin_house_4, evilmike_swamp_ruin_house_2, uniq_kirke,
          uniq_nikola
Swamp:3:  hangedman_swamp_lotus
Swamp:4:  nicolae_swamp_feature_on_the_river_bank, roderic_ravens_nest
Swamp:5:  swamp_alternative
Snake:1:  serial_shops, shop, nicolae_shop_crystal, shop, shop,
          serial_bayou_pond_b, st_stairs_3
Snake:2:  basic_altar, grunt_megastairs_3
Snake:3:  uniq_vashnia
Snake:4:  uniq_aizul
Snake:5:  snake_pit_salamanders_mu, spider_trap, lemuel_oklob_altar,
          basic_stair_grate_trap
Orc:1:    basic_altar
Orc:2:    serial_shops, nicolae_shop_waterfront
Orc:3:    basic_altar, nicolae_orc_pool_cavern
Orc:4:    grunt_orc_gardens, grunt_orc_garden, grunt_orc_garden,
          grunt_orc_garden, grunt_orc_garden, nicolae_orc_rockfall,
          statue_in_the_mist_lemuel
Elf:1:    eino_elf_arrival_sip, minmay_elf_necromancy
Elf:2:    serial_shops, shop_fountains, roderic_roman_lattice
Elf:3:    elf_hall, serial_shops, bzr_entry_road, minmay_fountain_box,
          guppyfry_elf_altar, uniq_norris
Vaults:1: vaults_room_fours, nicolae_vaults_ring_of_whatevers,
          vaults_room_fours, nicolae_vaults_three_branches,
          vaults_room_grunt_arrival_ludios, serial_shops, shop, enter_trove_0
Vaults:2: st_quartered_hall, v_misc_24, v_rooms_2, grunt_vaults_diagonal,
          nicolae_vaults_big_angled_halls, ontoclasm_vaults_chip,
          v_alt_pattern_5, v_rooms_1, dpeg_vaults_monster_row,
          ontoclasm_vaults_gateway, ontoclasm_vaults_shuriken,
          nicolae_vaults_ring_of_whatevers, uniq_donald
Vaults:3: v_misc_19, minmay_crypt_entry_necro_gods, special_room_vaults,
          hangedman_vaults_impose, vaults_room_stairs_pillars,
          hangedman_vaults_nodes, vaults_room_corners, ontoclasm_vaults_tryst,
          ontoclasm_vaults_chip, ontoclasm_vaults_ring_large,
          ontoclasm_vaults_loading_screen, vaults_mumra_lcd,
          vaults_room_hallway, nicolae_vaults_asterisk
Vaults:4: st_greater_box_5, v_misc_22, grunt_vaults_hallway_short,
          grunt_vaults_bifocal, v_misc_11, nicolae_vaults_what_the_h,
          ontoclasm_vaults_eye, hangedman_vaults_slice,
          vaults_standard_mumra_enter_the_diamond,
          nicolae_vaults_windows_and_doors_thing,
          ontoclasm_vaults_loading_screen, uniq_frederick
Crypt:1:  hangedman_screamer, minivault_14, minivault_25, uniq_khufu
Crypt:2:  crypt_curse_skull
Crypt:3:  cryptofortress_bobbens
Abyss:1:  hangedman_abyss_feature_spike
Lab:      labyrinth_hidden_loot, nicolae_lab_flowing_pool, nicolae_lab_stuck,
          lab_hedge, nicolae_lab_arrow
Bazaar:   bazaar_jpeg_circle_common
Trove:    trove_simple
Volcano:  volcano_lake

Table legend:
 A = Turns spent in this place as a percentage of turns spent in the entire game.
 B = Non-inter-level travel turns spent in this place as a percentage of non-inter-level travel turns spent in the entire game.
 C = Inter-level travel turns spent in this place as a percentage of turns spent in this place.
 D = Turns resting spent in this place as a percentage of non-inter-level travel turns spent in this place.
 E = Turns spent auto-exploring this place as a percentage of non-inter-level travel turns spent in this place.
 F = Non-inter-level travel turns spent in this place divided by the number of levels of this place that you've seen.
                   A       B       C       D       E      F
               +-------+-------+-------+-------+-------+----------------------
         Total | 100.0 | 100.0 |   0.6 |   1.1 |   8.0 | 483.9
       Dungeon |  24.6 |  24.6 |   0.6 |   1.0 |   9.5 | 436.9
        Temple |   0.0 |   0.0 |   0.0 |   0.0 |   0.0 |   2.0
          Lair |  15.1 |  15.1 |   0.7 |   0.9 |   6.5 | 503.1
         Swamp |  10.2 |  10.2 |   0.7 |   1.5 |   7.8 | 541.8
     Snake Pit |   8.0 |   8.0 |   0.6 |   1.4 |   8.2 | 426.2
  Orcish Mines |   9.7 |   9.7 |   0.7 |   0.7 |   8.8 | 644.5
   Elven Halls |   8.2 |   8.2 |   0.4 |   1.5 |   8.1 | 731.3
        Vaults |  11.4 |  11.4 |   0.6 |   0.5 |   9.3 | 608.2
         Crypt |   6.8 |   6.8 |   0.3 |   1.4 |   6.5 | 601.3
         Abyss |   3.7 |   3.8 |   0.0 |   1.0 |   1.7 | 499.5
     Labyrinth |   1.5 |   1.5 |   0.0 |   2.5 |   0.0 | 396.0
        Bazaar |   0.1 |   0.1 |   0.0 |   0.0 |  68.4 |  19.0
         Trove |   0.2 |   0.2 |   0.0 |   0.0 |   4.8 |  63.0
       Volcano |   0.4 |   0.4 |   0.0 |   2.0 |  15.2 |  99.0
               +-------+-------+-------+-------+-------+----------------------

Table legend:
 A = Kills in this place as a percentage of kills in entire the game.
 B = Kills by you in this place as a percentage of kills by you in the entire game.
 C = Kills by friends in this place as a percentage of kills by friends in the entire game.
 D = Other kills in this place as a percentage of other kills in the entire game.
 E = Experience gained in this place as a percentage of experience gained in the entire game.
 F = Experience gained in this place divided by the number of levels of this place that you have seen.
                   A       B       C       D       E      F
               +-------+-------+-------+-------+-------+----------------------
         Total | 100.0 | 100.0 | 100.0 | 100.0 | 100.0 | 16435.2
       Dungeon |  19.9 |  20.4 |   0.0 |  14.3 |   6.9 | 4135.2
          Lair |  14.1 |  13.5 |  35.5 |   0.0 |   9.0 | 10223.5
         Swamp |   9.6 |   9.7 |   4.8 |  28.6 |  10.1 | 18266.2
     Snake Pit |   6.9 |   6.6 |  17.7 |  14.3 |   9.6 | 17405.4
  Orcish Mines |  12.7 |  12.5 |  21.0 |   0.0 |   2.5 | 5685.8
   Elven Halls |   6.7 |   6.8 |   4.8 |   0.0 |  12.2 | 36638.0
        Vaults |  17.0 |  17.3 |   1.6 |  42.9 |  28.4 | 51404.8
         Crypt |   9.2 |   9.4 |   0.0 |   0.0 |  16.6 | 50106.7
         Abyss |   3.3 |   3.1 |  12.9 |   0.0 |   4.1 | 18466.0
     Labyrinth |   0.2 |   0.2 |   1.6 |   0.0 |   0.2 | 2109.0
       Volcano |   0.4 |   0.4 |   0.0 |   0.0 |   0.3 | 2718.0
               +-------+-------+-------+-------+-------+----------------------
